 Dungeon Crawl Stone Soup version 0.25-a0-285-gcba6f664f8 (webtiles) character file.

Game seed: 18412218984880839630, levelgen mode: deterministic

36 mopl the Chopper (level 3, 0/19 HPs)
             Began as a Vine Stalker Monk on Dec 11, 2019.
             Slain by a goblin
             ... wielding a +0 club
             ... led by Robin
              (5 damage)
             ... on level 2 of the Dungeon.
             The game lasted 00:01:25 (801 turns).

mopl the Chopper (Vine Stalker Monk)                 Turns: 801, Time: 00:01:26

Health: 0/19       AC:  9    Str: 14    XL:     3   Next: 37%
Magic:  0/4        EV:  5    Int: 10    God:
Gold:   35         SH:  0    Dex: 16    Spells: 2/2 levels left

rFire    . . .     SeeInvis .   a - +0 hand axe
rCold    . . .     Gourm    .   (no shield)
rNeg     . . .     Faith    .   d - +0 chain mail
rPois    .         Spirit   +   (no helmet)
rElec    .         Reflect  .   (no cloak)
rCorr    .         Harm     .   b - +0 pair of gloves
MR       .....                  (no boots)
Stlth    ..........             (no amulet)
HPRegen  0.06/turn              e - -2 ring of evasion (curse)
MPRegen  0.09/turn              (no ring)

@: no status effects
A: fangs 2, magic shield, antimagic bite, no potion heal 3, rot immunity
a: no special abilities


You were on level 2 of the Dungeon.
You were not hungry.

You visited 1 branch of the dungeon, and saw 2 of its levels.

You collected 35 gold pieces.

Inventory:

Hand Weapons
 a - a +0 hand axe (weapon)
Missiles
 h - 19 poisoned darts (quivered)
Armour
 b - a +0 pair of gloves (worn)
 d - a +0 chain mail (worn)
Jewellery
 e - a cursed -2 ring of evasion (left hand)
 g - an uncursed ring of ice
Scrolls
 k - a scroll of amnesia {unknown}
 l - a scroll of teleportation {unknown}
Potions
 i - a potion of curing {unknown}
 j - a potion of brilliance {unknown}
Comestibles
 c - 3 rations
 f - 4 chunks of flesh


   Skills:
 - Level 2.6 Fighting
 * Level 4.0 Axes
 - Level 2.4 Dodging
 - Level 2.4 Stealth


You had 2 spell levels left.
You didn't know any spells.
Your spell library was empty.

Dungeon Overview and Level Annotations

Branches:
Dungeon (2/15)

Altars:

Annotations:
D:2 Robin


Innate Abilities, Weirdness & Mutations

You have extremely sharp teeth.
When hurt, damage is shared between your health and your magic reserves.
Your bite disrupts and absorbs the magic of your enemies.
Potions cannot restore your health.
You are immune to rotting.


Message History

You barely miss the adder.
The adder is almost dead.
You hit the goblin. You hit the goblin but do no damage. You hit the goblin.
You kill the goblin!
The goblin hits you but does no damage. The adder bites you but does no damage.
The goblin barely misses you. Robin throws the goblin at you!
Unknown command.
You barely miss the goblin. Your bite misses the goblin.
You hit the goblin but do no damage. You hit the adder.
You kill the adder!
Your chain mail prevents you from hitting the goblin.
You hit the goblin.
You kill the goblin!
Your Axes skill increases to level 4!
The goblin hits you but does no damage. The goblin hits you with a +0 dagger.
The goblin hits you. The goblin hits you but does no damage.
The goblin hits you with a +0 dagger.
* * * LOW HITPOINT WARNING * * *
The goblin hits you with a +0 club.
You die...

.# #.# ## ###.# # #..
...# #.## #.# #..#
...##<####..#
#.#...[..g#g.#
#.#......)@gg######..
#.#.##.##.#g.>g......
#..........g.g†......
######...#.##.##.##.##.#.
...#.......##.##.# #
#.........#......
#.........#..##.##
#..##...###..##.#
##..##...# #..##..


You could see Robin, 2 hobgoblins and 5 goblins.

Vanquished Creatures
  An adder (D:2)
  A leopard gecko (D:1)
  7 goblins
  3 hobgoblins
  2 kobolds (D:1)
  3 bats (D:1)
  3 frilled lizards
  5 rats (D:1)
25 creatures vanquished.

Notes
Turn   | Place    | Note
-------+----------+-------------------------------------------
     0 | D:1      | mopl the Vine Stalker Monk began the quest for the Orb.
     0 | D:1      | Reached XP level 1. HP: 11/11 MP: 2/2
    70 | D:1      | Reached skill level 3 in Axes
   168 | D:1      | Reached XP level 2. HP: 14/16 MP: 3/3
   790 | D:2      | Noticed Robin
   794 | D:2      | Reached XP level 3. HP: 19/19 MP: 4/4
   801 | D:2      | Reached skill level 4 in Axes
   801 | D:2      | Slain by a goblin

Levels and vault maps discovered:
D:1:      minmay_arrival_shoal_huts, layout_basic
D:2:      layout_loops_ring, first_ration, uniq_robin

Skill      XL: |  1  2  3 |
---------------+----------+-----
Axes           | 3 4 |  4.0
Fighting       | |  2.6
Dodging        | |  2.4
Stealth        | |  2.4

Action                   || total
-------------------------++-------
Melee: Hand axe          ||    59
       Bite              ||     9
Armor: Chain mail        ||    60
Dodge: Dodged            ||    14

Table legend:
 A = Non-vault XP
 B = Vault XP
 C = Vault XP percentage of total XP
 D = Non-vault monster count
 E = Vault monster count
 F = Vault count percentage of total count
                 A         B        C        D         E       F
            +---------+---------+-------+---------+---------+-------
      Total |      46 |       6 |  11.5 |      22 |       3 |  12.0
            +---------+---------+-------+---------+---------+-------
        D:1 |      27 |       0 |   0.0 |      18 |       0 |   0.0
        D:2 |      19 |       6 |  24.0 |       4 |       3 |  42.9
            +---------+---------+-------+---------+---------+-------
